Map: Frost LE

Players

MajOr (SpeCial) - Winner!

  • Race: Terran Terran

Cham

  • Race: Zerg Zerg

Event: WCS Copa Intercontinental

VOD

Have the link to the VOD?

Description

Time

  • Played on: Sept. 9, 2016, 3:30 p.m.
  • Length: 11:19

All games in this series

Show
View Real Time Build Order
Export as new Build Order

MajOr Terran - Winner!

Build Orders: Reaper Expand, MMM Bio, Banshee Rush 

Get SALT Encoding   

  12  0:00  SCV  
  13  0:12  SCV  
  14  0:17  Supply Depot  
  14  0:25  SCV  
  15  0:31  Refinery  
  15  0:39  SCV  
  16  0:44  Barracks  
  16  0:51  SCV  
  17  1:03  SCV  
  18  1:15  SCV  
  19  1:31  Orbital Command, Reaper  
  20  1:44  Command Center  
  20  1:55  Factory  
  20  1:58  SCV  
  21  2:09  Barracks Reactor  
  21  2:10  Supply Depot  
  21  2:13  SCV  
  22  2:25  SCV  
  22  2:27  Refinery  
  23  2:37  SCV  
  24  2:47  Starport  
  24  2:49  SCV  
  29  2:51  Hellion x2  
  29  2:55  Barracks Tech Lab  
  29  2:59  Orbital Command  
  29  3:02  SCV  
  32  3:12  Hellion  
  32  3:13  Hellion  
  32  3:15  SCV  
  35  3:26  SCV  
  36  3:27  SCV  
  37  3:34  Cloaking Field  
  37  3:35  Supply Depot  
  37  3:38  SCV, Banshee  
  37  3:41  Marine  
  42  3:42  Marine  
  42  3:46  SCV  
  42  3:48  Factory Tech Lab  
  44  3:50  SCV  
  45  3:57  Supply Depot  
  45  3:58  Marine  
  45  4:00  Marine  
  45  4:01  SCV  
  48  4:02  SCV  
  48  4:13  SCV  
  48  4:15  SCV  
  50  4:20  Banshee  
  50  4:22  Command Center  
  53  4:27  Siege Tank  
  53  4:29  SCV x2  
  58  4:32  Supply Depot  
  58  4:35  Marine x2  
  60  4:41  SCV x2  
  62  4:47  Supply Depot  
  62  4:54  SCV x2  
  64  5:09  Siege Tank  
  64  5:10  SCV x2  
  64  5:12  Refinery  
  64  5:13  Marine, Refinery  
  70  5:14  Medivac  
  70  5:19  Medivac  
  74  5:24  SCV x2  
  76  5:29  Engineering Bay  
  76  5:31  Marine, Engineering Bay  
  76  5:35  Barracks x2  
  69  5:36  Orbital Command  
  69  5:38  SCV x2  
  69  5:41  Stimpack  
  71  5:49  Marine  
  72  5:50  Factory Reactor  
  72  5:54  SCV x2  
  74  5:59  Liberator  
  74  6:01  Orbital Command  
  74  6:03  Terran Infantry Weapons Level 1, Terran Infantry Armor Level 1  
  74  6:07  Marine  
  75  6:17  SCV  
  75  6:18  SCV  
  80  6:19  Missile Turret  
  80  6:24  Marine  
  79  6:26  SCV  
  79  6:28  Barracks Reactor  
  79  6:29  Barracks Reactor  
  79  6:30  SCV x2, Missile Turret  
  79  6:32  Missile Turret  
  82  6:38  Missile Turret  
  82  6:39  SCV  
  83  6:40  Barracks  
  83  6:41  Barracks  
  83  6:42  SCV x2, Marine  
  83  6:47  Marine x2  
  86  6:51  SCV  
  86  6:52  Liberator x2  
  86  6:54  SCV x2  
  91  6:57  Factory Reactor  
  91  7:00  Marine  
  92  7:02  Missile Turret  
  92  7:03  SCV  
  92  7:07  Supply Depot  
  93  7:09  Supply Depot, Marine  
  93  7:10  SCV  
  93  7:11  Marine x3  
  101  7:16  SCV x2  
  101  7:18  Marine  
  101  7:23  Armory  
  101  7:29  SCV x3, Marine x4  
  108  7:30  Supply Depot  
  108  7:33  Barracks Reactor x2  
  108  7:36  Marine  
  109  7:39  Widow Mine x2, Supply Depot  
  109  7:41  Combat Shields  
  109  7:42  Refinery  
  113  7:46  Marine x4  
  117  7:54  Marine  
  114  8:00  Medivac x2  
  114  8:04  Marine x4  
  122  8:07  Widow Mine x2  
  122  8:11  Marine  
  122  8:12  Marine x3  
  128  8:13  Marine  
  128  8:16  Missile Turret  
  128  8:18  Supply Depot, Terran Infantry Weapons Level 2  
  128  8:19  Supply Depot  
  129  8:22  Liberator, Marine x4  
  131  8:28  SCV x2  
  131  8:33  Starport  
  133  8:35  Liberator  
  133  8:36  Marine  
  133  8:39  Marine x3  
  133  8:40  Marine x4, Marauder  
  145  8:42  Supply Depot  
  145  8:43  Supply Depot  
  145  8:53  Marine  
  149  8:57  Barracks  
  149  8:58  Barracks  
  149  9:02  Marine  
  149  9:03  Marine x7  
  149  9:04  Supply Depot  
  149  9:09  Widow Mine  
  158  9:11  Marine  
  158  9:12  Starport Reactor  
  157  9:19  Marine  
  157  9:21  Marine x5  
  157  9:22  Marauder  
  157  9:24  Liberator x2  
  165  9:25  Marine  
  165  9:29  Marine  
  167  9:33  Supply Depot x3, Liberator  
  167  9:37  Marine  
  153  9:39  Marine x5  
  153  9:43  Marauder  
  153  9:44  Marine  
  163  9:47  Marine  
  163  9:51  Marine  
  167  9:55  Marine  
  167  9:57  SCV x2, Marine x2  
  167  9:58  Marine  
  172  10:01  Marine  
  172  10:02  Marine  
  172  10:04  Liberator, Marauder  
  172  10:05  Marine x2  
  172  10:06  Liberator  
  178  10:09  Marine  
  178  10:13  Marine  
  176  10:15  Marine x2  
  176  10:17  Marine  
  176  10:19  Marine  
  176  10:20  Marine  
  174  10:23  Marine x3  
  174  10:25  Widow Mine, Marine  
  174  10:26  Widow Mine  
  173  10:29  Marine  
  173  10:31  Marine  
  173  10:33  Marine  
  173  10:34  Marine  
  175  10:35  Marine  
  176  10:44  Marauder  
  176  10:48  Marine x3  
  176  10:49  Marine x2  
  183  10:50  Marine  
  183  10:54  Marine x2  
Show
View Real Time Build Order
Export as new Build Order

Cham Zerg 

Build Orders: Hatch First, Muta Ling Bane 

Get SALT Encoding   

  12  0:01  Drone  
  13  0:08  Drone  
  14  0:16  Overlord  
  14  0:35  Drone x3  
  17  0:53  Hatchery  
  17  0:56  Drone  
  17  0:59  Drone  
  18  1:10  Extractor  
  17  1:13  Spawning Pool  
  17  1:16  Drone  
  17  1:20  Drone  
  18  1:28  Drone  
  19  1:39  Overlord  
  19  1:50  Drone  
  20  2:00  Queen  
  22  2:02  Zergling x2  
  22  2:05  Queen, Zergling x2  
  26  2:10  Metabolic Boost  
  26  2:12  Zergling x2  
  27  2:16  Drone  
  28  2:23  Drone  
  28  2:29  Overlord  
  29  2:37  Drone  
  30  2:41  Queen  
  32  2:46  Drone  
  32  2:47  Drone  
  32  2:50  Pneumatized Carapace  
  34  2:52  Drone  
  34  2:54  Overlord  
  35  3:00  Drone  
  35  3:05  Drone  
  37  3:10  Drone  
  38  3:15  Drone x6  
  44  3:20  Drone  
  45  3:32  Hatchery  
  44  3:41  Evolution Chamber  
  43  3:42  Drone x2, Evolution Chamber  
  41  3:49  Zergling x6  
  41  3:52  Drone x3  
  47  3:57  Lair  
  47  4:01  Extractor  
  46  4:03  Drone  
  46  4:05  Drone  
  46  4:08  Drone x2, Extractor  
  46  4:09  Extractor  
  48  4:12  Drone  
  48  4:15  Drone x3  
  52  4:18  Overlord  
  52  4:28  Overlord  
  52  4:29  Overlord  
  52  4:32  Spore Crawler  
  52  4:33  Drone  
  52  4:37  Spore Crawler  
  51  4:39  Drone x2  
  51  4:40  Overlord  
  51  4:44  Zergling x2  
  54  4:46  Zergling x4  
  54  4:48  Zergling x2  
  54  4:52  Drone  
  58  4:56  Spire  
  58  4:59  Zergling x4  
  58  5:04  Drone  
  58  5:05  Drone  
  59  5:08  Zergling x2  
  59  5:09  Zergling x2  
  61  5:15  Drone x4  
  61  5:20  Drone x3  
  64  5:30  Drone x2  
  64  5:32  Overlord  
  64  5:34  Drone  
  64  5:35  Drone x2  
  67  5:37  Drone x2  
  67  5:41  Spore Crawler, Overseer  
  67  5:54  Queen x2  
  67  5:55  Queen  
  71  6:02  Drone x2  
  71  6:07  Drone x4  
  71  6:09  Drone x2  
  71  6:10  Drone  
  71  6:11  Drone  
  79  6:16  Overlord  
  79  6:17  Mutalisk  
  80  6:20  Mutalisk  
  80  6:23  Mutalisk  
  80  6:27  Mutalisk  
  80  6:29  Mutalisk  
  80  6:31  Mutalisk  
  86  6:33  Mutalisk  
  86  6:39  Mutalisk x2  
  88  6:42  Zerg Ground Armor Level 1  
  88  6:44  Zerg Melee Weapons Level 1  
  92  6:48  Mutalisk, Extractor  
  92  6:49  Mutalisk  
  92  6:50  Extractor  
  92  6:56  Drone x2  
  92  6:57  Drone  
  92  6:58  Drone x2  
  92  6:59  Drone  
  96  7:01  Drone x2  
  96  7:02  Drone  
  96  7:06  Overlord  
  96  7:08  Drone  
  100  7:09  Zerg Flyer Weapons Level 1  
  100  7:10  Baneling Nest  
  100  7:12  Zergling x2  
  100  7:13  Overlord  
  100  7:14  Zergling x4  
  102  7:16  Zergling x2  
  102  7:21  Zergling x4  
  105  7:23  Overlord x2  
  105  7:31  Hatchery  
  105  7:32  Overlord  
  105  7:34  Mutalisk  
  106  7:37  Mutalisk  
  106  7:38  Mutalisk  
  106  7:40  Mutalisk  
  106  7:44  Zergling x4  
  114  7:52  Centrifical Hooks  
  112  7:58  Zergling x2  
  112  7:59  Zergling x18  
  112  8:05  Overlord x2  
  122  8:12  Overlord  
  120  8:19  Mutalisk x3  
  118  8:23  Mutalisk x3  
  130  8:27  Overlord  
  130  8:31  Mutalisk  
  132  8:35  Mutalisk  
  132  8:37  Zergling x8  
  132  8:39  Overlord x2  
  138  8:42  Zergling x2  
  138  8:45  Zergling x2  
  138  8:47  Zergling x2  
  140  8:49  Zergling x4  
  142  8:56  Mutalisk x2  
  142  9:00  Mutalisk x2  
  142  9:02  Mutalisk  
  152  9:04  Zergling x2  
  152  9:05  Zergling x8  
  152  9:06  Overlord  
  152  9:07  Zergling x2  
  152  9:08  Zergling x2  
  161  9:13  Baneling  
  161  9:14  Baneling x4  
  161  9:15  Zergling x6  
  164  9:20  Zergling x2  
  164  9:21  Baneling x3  
  164  9:23  Overseer  
  157  9:32  Zergling x4  
  133  9:39  Mutalisk x3  
  133  9:40  Zergling x8  
  133  9:48  Mutalisk  
  133  9:49  Zergling x2  
  136  9:59  Drone  
  133  10:06  Baneling x2  
  126  10:18  Mutalisk x2  
  126  10:20  Zergling x10  
  126  10:21  Zergling x6  
  133  10:22  Zergling x2  
  133  10:26  Queen  
  130  10:36  Drone x3  
  130  10:40  Mutalisk  
  135  10:43  Hatchery  
  135  10:46  Zergling x4  
  135  10:48  Baneling x5  
  135  10:49  Baneling x3  
  133  10:50  Zergling x8  
  133  10:54  Zergling x2  
  133  10:55  Zergling x4  
  137  10:57  Zergling x4  
  137  10:58  Zergling x2  
  137  11:00  Zergling x2  
Tags
 
Add a new tag
Caveats
  • Supply blocks, unpowered buildings, or Contaminate may cause inaccurate times.
  • Supply counts are checked every 10 seconds.